MID
AUGUSTA GREENJACKETS @ HAGERSTOWN SUNS
06/14/2044
 
TOP OF THE 1ST
Augusta GreenJackets batting - Pitching for Hagerstown Suns : LHP Kyle Bachman
Pitching: LHP Kyle Bachman
Batting: RHB Danny Gallo 0-0: Ball
1-0: Called Strike
1-1: Ball
2-1: Called Strike
2-2: Ball
3-2: Base on Balls
Batting: RHB Mike Buchanan 0-0: Ball
1-0: Called Strike
1-1: Ball
2-1: Fly out, F8 (Flyball, 78D, EV 102.5 MPH)
Batting: LHB Carey Horncole 0-0: Ball
1-0: Foul Ball, location: 2F
1-1: Ball
2-1: Ball
Danny Gallo steals 2nd base
3-1: Called Strike
3-2: Fly out, F8 (Flyball, 89D, EV 96.2 MPH)
Runner from 2nd tags up, SAFE at 3rd, no throw by CF
Batting: RHB Chris King 0-0: Ball
1-0: Ball
2-0: Foul Ball, location: 2F
2-1: Ball
3-1: Called Strike
3-2: Foul Ball, location: 2F
3-2: Fly out, F9 (Flyball, 9S, EV 90.6 MPH)
Top of the 1st over - 0 runs, 0 hits, 0 errors, 1 left on base; Augusta 0 - Hagerstown 0
BOTTOM OF THE 1ST
Hagerstown Suns batting - Pitching for Augusta GreenJackets : RHP Israel Alvarado
Pitching: RHP Israel Alvarado
Batting: RHB Pat Drader 0-0: Swinging Strike
0-1: Swinging Strike
0-2: Foul Ball, location: 2F
0-2: Ball
1-2: Fly out, F7 (Flyball, 78D, EV 98.8 MPH)
Batting: RHB Tony Madrigal 0-0: Called Strike
0-1: Swinging Strike
0-2: Strikes out swinging
Batting: RHB Kevin Wick 0-0: Ground out 6-3 (Groundball, 6D, EV 106.9 MPH)
Bottom of the 1st over - 0 runs, 0 hits, 0 errors, 0 left on base; Augusta 0 - Hagerstown 0
TOP OF THE 2ND
Augusta GreenJackets batting - Pitching for Hagerstown Suns : LHP Kyle Bachman
Batting: RHB Drew Duncan 0-0: Ball
1-0: Ball
2-0: Ball
3-0: Base on Balls
Batting: RHB Juan Flores 0-0: Ball
1-0: Ball
2-0: Called Strike
2-1: DOUBLE (Flyball, 78D, EV 108.1 MPH)
Drew Duncan to third
Runner from 3rd tries for Home, SAFE, no throw by LF
Batting: RHB Ian Richardson 0-0: Called Strike
0-1: Swinging Strike
0-2: Ball
1-2: Foul Ball, location: 2F
1-2: Ball
2-2: Foul Ball, location: 2F
2-2: Strikes out looking
Batting: RHB Devin Lowery 0-0: Ball
1-0: Ball
2-0: Fly out, F9 (Flyball, 9D, EV 98.8 MPH)
Batting: RHB Alfredo Lemus 0-0: Ball
1-0: Foul Ball, location: 2F
1-1: Foul Ball, location: 2F
1-2: Strikes out swinging
Top of the 2nd over - 1 run, 1 hit, 0 errors, 1 left on base; Augusta 1 - Hagerstown 0
BOTTOM OF THE 2ND
Hagerstown Suns batting - Pitching for Augusta GreenJackets : RHP Israel Alvarado
Batting: RHB Jim Towle 0-0: Fly out, F3 (Popup, 3S, EV 66.9 MPH)
Batting: LHB Yoshiya Kurokawa 0-0: Swinging Strike
0-1: Swinging Strike
0-2: Strikes out swinging
Batting: LHB Rich Hannus 0-0: Ball
1-0: Swinging Strike
1-1: Foul Ball, location: 2F
1-2: Strikes out looking
Bottom of the 2nd over - 0 runs, 0 hits, 0 errors, 0 left on base; Augusta 1 - Hagerstown 0
TOP OF THE 3RD
Augusta GreenJackets batting - Pitching for Hagerstown Suns : LHP Kyle Bachman
Batting: RHB Danny Gallo 0-0: Ball
1-0: Foul Ball, location: 2F
1-1: Called Strike
1-2: Fly out, F4 (Popup, 4M, EV 75.0 MPH)
Batting: RHB Mike Buchanan 0-0: Fly out, F5 (Popup, 56S, EV 72.5 MPH)
Batting: LHB Carey Horncole 0-0: Called Strike
0-1: Foul Ball, location: 2F
0-2: Ground out 4-3 (Groundball, 4, EV 101.9 MPH)
Top of the 3rd over - 0 runs, 0 hits, 0 errors, 0 left on base; Augusta 1 - Hagerstown 0
BOTTOM OF THE 3RD
Hagerstown Suns batting - Pitching for Augusta GreenJackets : RHP Israel Alvarado
Batting: RHB Jon Metzler 0-0: Foul Ball, location: 2F
0-1: Foul Ball, location: 2F
0-2: Strikes out looking
Batting: LHB Mike Condon 0-0: Called Strike
0-1: Foul Ball, location: 2F
0-2: Ball
1-2: Ground out U3 (Groundball, 3, EV 104.4 MPH)
Batting: RHB Bobby Dieter 0-0: Ball
1-0: Foul Ball, location: 2F
1-1: Foul Ball, location: 2F
1-2: Foul Ball, location: 2F
1-2: Ball
2-2: Strikes out looking
Bottom of the 3rd over - 0 runs, 0 hits, 0 errors, 0 left on base; Augusta 1 - Hagerstown 0
TOP OF THE 4TH
Augusta GreenJackets batting - Pitching for Hagerstown Suns : LHP Kyle Bachman
Batting: RHB Chris King 0-0: Called Strike
0-1: Ground out 5-3 (Groundball, 56, EV 105.0 MPH)
Batting: RHB Drew Duncan 0-0: Ball
1-0: Called Strike
1-1: Called Strike
1-2: Ball
2-2: Foul Ball, location: 2F
2-2: Foul Ball, location: 2F
2-2: Ball
3-2: Ground out 6-3 (Groundball, 6S, EV 88.1 MPH)
Batting: RHB Juan Flores 0-0: Ball
1-0: Ball
2-0: Called Strike
2-1: Foul Ball, location: 2F
2-2: Strikes out swinging
Top of the 4th over - 0 runs, 0 hits, 0 errors, 0 left on base; Augusta 1 - Hagerstown 0
BOTTOM OF THE 4TH
Hagerstown Suns batting - Pitching for Augusta GreenJackets : RHP Israel Alvarado
Batting: RHB Pat Drader 0-0: Ball
1-0: Ground out 6-3 (Groundball, 6, EV 86.2 MPH)
Batting: RHB Tony Madrigal 0-0: Ball
1-0: Called Strike
1-1: Called Strike
1-2: Foul Ball, location: 2F
1-2: Ball
2-2: Foul Ball, location: 2F
2-2: Ground out 5-3 (Groundball, 5L, EV 100.6 MPH)
Batting: RHB Kevin Wick 0-0: Swinging Strike
0-1: Called Strike
0-2: Foul Ball, location: 2F
0-2: Fly out, F7 (Flyball, 7S, EV 74.4 MPH)
Bottom of the 4th over - 0 runs, 0 hits, 0 errors, 0 left on base; Augusta 1 - Hagerstown 0
TOP OF THE 5TH
Augusta GreenJackets batting - Pitching for Hagerstown Suns : LHP Kyle Bachman
Batting: RHB Ian Richardson 0-0: Foul Ball, location: 2F
0-1: Ball
1-1: Swinging Strike
1-2: Foul Ball, location: 2F
1-2: Foul Ball, location: 2F
1-2: Strikes out looking
Batting: RHB Devin Lowery 0-0: Called Strike
0-1: Called Strike
0-2: Strikes out swinging
Batting: RHB Alfredo Lemus 0-0: Foul Ball, location: 2F
0-1: Ball
1-1: Ball
2-1: Called Strike
2-2: Ball
3-2: Fly out, F7 (Flyball, 7S, EV 86.2 MPH)
Top of the 5th over - 0 runs, 0 hits, 0 errors, 0 left on base; Augusta 1 - Hagerstown 0
BOTTOM OF THE 5TH
Hagerstown Suns batting - Pitching for Augusta GreenJackets : RHP Israel Alvarado
Batting: RHB Jim Towle 0-0: Ball
1-0: Called Strike
1-1: Swinging Strike
1-2: Ball
2-2: Ball
3-2: Fly out, F8 (Flyball, 8RS, EV 93.8 MPH)
Batting: LHB Yoshiya Kurokawa 0-0: Called Strike
0-1: Swinging Strike
0-2: Ball
1-2: Foul Ball, location: 2F
1-2: Reached on error, E6 (Groundball, 6, EV 85.6 MPH)
Batting: LHB Rich Hannus 0-0: Foul Ball, location: 2F
0-1: Swinging Strike
0-2: Ball
1-2: Strikes out swinging
Batting: RHB Jon Metzler 0-0: Ball
1-0: Ball
2-0: Ball
3-0: Base on Balls
Yoshiya Kurokawa to second
Batting: LHB Mike Condon 0-0: Foul Ball, location: 2F
0-1: Ball
1-1: Ball
2-1: Ball
3-1: Swinging Strike
3-2: Strikes out swinging
Bottom of the 5th over - 0 runs, 0 hits, 1 error, 2 left on base; Augusta 1 - Hagerstown 0
TOP OF THE 6TH
Augusta GreenJackets batting - Pitching for Hagerstown Suns : LHP Kyle Bachman
Batting: RHB Danny Gallo 0-0: Fly out, F9 (Line Drive, 9, EV 87.5 MPH)
Batting: RHB Mike Buchanan 0-0: Ball
1-0: Called Strike
1-1: Ball
2-1: Fly out, F4 (Line Drive, 4, EV 64.4 MPH)
Batting: LHB Carey Horncole 0-0: Called Strike
0-1: Ball
1-1: Called Strike
1-2: Foul Ball, location: 2F
1-2: Ground out U3 (Groundball, 3, EV 88.8 MPH)
Top of the 6th over - 0 runs, 0 hits, 0 errors, 0 left on base; Augusta 1 - Hagerstown 0
BOTTOM OF THE 6TH
Hagerstown Suns batting - Pitching for Augusta GreenJackets : RHP Israel Alvarado
Batting: RHB Bobby Dieter 0-0: Foul Ball, location: 2F
0-1: Foul Ball, location: 2F
0-2: Ball
1-2: Ground out 2-3 (Groundball, 2L, EV 74.4 MPH)
Batting: RHB Pat Drader 0-0: Foul Ball, location: 2F
0-1: Foul Ball, location: 2F
0-2: Fly out, F7 (Line Drive, 7, EV 94.4 MPH)
Pitching: LHP Kyle Worford
Batting: RHB Tony Madrigal 0-0: Swinging Strike
0-1: Swinging Strike
0-2: Strikes out looking
Bottom of the 6th over - 0 runs, 0 hits, 0 errors, 0 left on base; Augusta 1 - Hagerstown 0
TOP OF THE 7TH
Augusta GreenJackets batting - Pitching for Hagerstown Suns : LHP Kyle Bachman
Pitching: RHP Luis Cruz
Batting: RHB Chris King 0-0: Foul Ball, location: 2F
0-1: Swinging Strike
0-2: Ball
1-2: Ball
2-2: Ball
3-2: Foul Ball, location: 2F
3-2: Base on Balls
Batting: RHB Drew Duncan 0-0: Ball
1-0: Ball
2-0: Called Strike
2-1: Foul Ball, location: 2F
2-2: Grounds into double play, 5-4-3 (Groundball, 56, EV 80.0 MPH)
Batting: RHB Juan Flores 0-0: SINGLE (Groundball, 6MD, EV 96.2 MPH)
Batting: RHB Ian Richardson 0-0: Foul Ball, location: 2F
0-1: Fly out, F9 (Flyball, 9, EV 94.4 MPH)
Top of the 7th over - 0 runs, 1 hit, 0 errors, 1 left on base; Augusta 1 - Hagerstown 0
BOTTOM OF THE 7TH
Hagerstown Suns batting - Pitching for Augusta GreenJackets : LHP Kyle Worford
Pitching: LHP Tommy McCusker
Batting: RHB Kevin Wick 0-0: Foul Ball, location: 2F
0-1: Foul Ball, location: 2F
0-2: Strikes out looking
Batting: RHB Jim Towle 0-0: Foul Ball, location: 2F
0-1: Called Strike
0-2: Foul Ball, location: 2F
0-2: SOLO HOME RUN (Flyball, 9LD, EV 93.8 MPH), Distance : 350 ft
Batting: LHB Yoshiya Kurokawa 0-0: Ball
1-0: Called Strike
1-1: Foul Ball, location: 2F
1-2: Strikes out looking
Batting: LHB Rich Hannus 0-0: Ball
1-0: Foul Ball, location: 2F
1-1: Ball
2-1: Foul Ball, location: 2F
2-2: Foul Ball, location: 2F
2-2: Ball
3-2: Strikes out swinging
Bottom of the 7th over - 1 run, 1 hit, 0 errors, 0 left on base; Augusta 1 - Hagerstown 1
TOP OF THE 8TH
Augusta GreenJackets batting - Pitching for Hagerstown Suns : RHP Luis Cruz
Pitching: RHP Fernando Fierros
Batting: RHB Devin Lowery 0-0: Called Strike
0-1: Ball
1-1: Ball
2-1: Ball
3-1: Base on Balls
Batting: RHB Alfredo Lemus 0-0: Bunt missed!
0-1: Sac Bunt to 23 - play at first, batter OUT! 3-4
Devin Lowery to second
Batting: RHB Danny Gallo 0-0: Called Strike
0-1: Called Strike
0-2: Ball
1-2: Strikes out swinging
Batting: RHB Mike Buchanan 0-0: Ball
1-0: SINGLE (Line Drive, 9S, EV 98.1 MPH)
Devin Lowery to third
Runner from 3rd tries for Home, SAFE, throw by RF to home
Mike Buchanan to second
Batting: LHB Carey Horncole 0-0: Ball
1-0: Ball
2-0: Ball
3-0: Base on Balls
Batting: RHB Chris King 0-0: Called Strike
0-1: Foul Ball, location: 2F
0-2: Foul Ball, location: 2F
0-2: Ground out 4-3 (Groundball, 34, EV 93.1 MPH)
Top of the 8th over - 1 run, 1 hit, 0 errors, 2 left on base; Augusta 2 - Hagerstown 1
BOTTOM OF THE 8TH
Hagerstown Suns batting - Pitching for Augusta GreenJackets : LHP Tommy McCusker
Pitching: RHP Nate Heideman
Batting: RHB Jon Metzler 0-0: SINGLE (Groundball, 56D, EV 105.6 MPH)
Batting: LHB Mike Condon 0-0: Ball
1-0: Bunted foul
1-1: Sac Bunt to 25 - play at first, batter OUT! 5-4
Jon Metzler to second
Batting: RHB Bobby Dieter 0-0: Swinging Strike
0-1: Foul Ball, location: 2F
0-2: Foul Ball, location: 2F
0-2: Ball
Wild Pitch!
Jon Metzler to third
1-2: Ball
2-2: Strikes out swinging
Batting: RHB Pat Drader 0-0: Fly out, F8 (Flyball, 8LS, EV 87.5 MPH)
Bottom of the 8th over - 0 runs, 1 hit, 0 errors, 1 left on base; Augusta 2 - Hagerstown 1
TOP OF THE 9TH
Augusta GreenJackets batting - Pitching for Hagerstown Suns : RHP Fernando Fierros
Pitching: RHP Steve Barnes
Batting: RHB Drew Duncan 0-0: Foul Ball, location: 2F
0-1: Foul Ball, location: 2F
0-2: Strikes out swinging
Batting: RHB Juan Flores 0-0: Ball
1-0: Ball
2-0: Foul Ball, location: 2F
2-1: Swinging Strike
2-2: Strikes out looking
Batting: RHB Ian Richardson 0-0: Swinging Strike
0-1: Called Strike
0-2: Ball
1-2: Strikes out swinging
Top of the 9th over - 0 runs, 0 hits, 0 errors, 0 left on base; Augusta 2 - Hagerstown 1
BOTTOM OF THE 9TH
Hagerstown Suns batting - Pitching for Augusta GreenJackets : RHP Nate Heideman
Batting: RHB Tony Madrigal 0-0: Called Strike
0-1: Ball
1-1: Swinging Strike
1-2: Ball
2-2: Strikes out swinging
Batting: RHB Kevin Wick 0-0: Ball
1-0: Called Strike
1-1: Called Strike
1-2: Foul Ball, location: 2F
1-2: Foul Ball, location: 2F
1-2: Foul Ball, location: 2F
1-2: Foul Ball, location: 2F
1-2: SINGLE (Groundball, 5D, EV 103.1 MPH)
Pitching: LHP Matt Wass
Batting: RHB Jim Towle 0-0: Ball
1-0: Ball
2-0: Ball
3-0: Base on Balls
Kevin Wick to second
Pinch Hitting: RHB Justin Slifka 0-0: Ball
1-0: Fly out, F7 (Flyball, 7, EV 85.0 MPH)
Batting: LHB Rich Hannus 0-0: Ground out U3 (Groundball, 34, EV 90.0 MPH)
Bottom of the 9th over - 0 runs, 1 hit, 0 errors, 2 left on base; Augusta 2 - Hagerstown 1
Thursday, March 31st , 2022 - OOTP Baseball 22.12 Build 89